 Dungeon Crawl Stone Soup version 0.28.0 (webtiles) character file.

Game seed: 17199729151872680961

85 Host24 the Bolt Thrower (level 4, -2/28 HPs)
             Began as a Kobold Hunter on Feb 5, 2022.
             Slain by an orc (6 damage)
             ... on level 3 of the Dungeon.
             The game lasted 00:04:12 (3426 turns).

Host24 the Bolt Thrower (Kobold Hunter)             Turns: 3426, Time: 00:04:12

Health: -2/28      AC:  5    Str: 11    XL:     4   Next: 75%
Magic:  4/4        EV: 14    Int: 12    God:
Gold:   37         SH:  0    Dex: 15    Spells: 3/3 levels left

rFire   . . .      SeeInvis .   a - +1 hand crossbow
rCold   . . .      Faith    .   (no shield)
rNeg    . . .      Spirit   .   c - +0 leather armour
rPois   .          Reflect  .   (no helmet)
rElec   .          Harm     .   s - +0 cloak
rCorr   .          Rampage  .   (no gloves)
Will    .....                   r - +0 pair of boots
Stlth   +++.......              (no amulet)
HPRegen 0.09/turn               f - ring of flight
MPRegen 0.09/turn               (no ring)

@: flying
A: small, no large weapons, nightstalker 3
a: no special abilities


You were on level 3 of the Dungeon.
You visited 1 branch of the dungeon, and saw 3 of its levels.

You collected 57 gold pieces.
You spent 20 gold pieces at shops.

Inventory:

Hand Weapons
 a - a +1 hand crossbow (weapon)
 b - a +0 short sword
Missiles
 d - 44 bolts (quivered ammo)
 e - 46 stones
 h - 44 arrows
 m - 4 atropa-tipped darts
Armour
 c - a +0 leather armour (worn)
 r - a +0 pair of boots (worn)
 s - a +0 cloak (worn)
Jewellery
 f - a ring of flight (left hand)
 i - a ring of ice
 o - a ring of magical power
Wands
 q - a wand of digging (7)
Scrolls
 g - 2 scrolls of teleportation {unknown}
 j - a scroll of vulnerability {unknown}
 k - a scroll of identify {unknown}
 l - a scroll of fear {unknown}
 n - a scroll of amnesia {unknown}
 p - a scroll of enchant armour {unknown}
 t - a scroll of blinking {unknown}
 u - a scroll of enchant weapon {unknown}
Potions
 v - a potion of mutation {unknown}


   Skills:
 - Level 3.0 Fighting
 + Level 6.3 Crossbows
 - Level 3.0 Dodging
 - Level 1.3 Stealth


You had 3 spell levels left.
You didn't know any spells.
Your spell library contained the following spells:

 Spells                   Type           Power      Damage    Failure   Level
 Foxfire                  Conj/Fire      0%         2x1d4     41%         1
 Corpse Rot               Necr/Air       0%         N/A       54%         2
 Ensorcelled Hibernation  Hex/Ice        0%         N/A       54%         2
 Conjure Flame            Conj/Fire      0%         6-21      78%         3
 Inner Flame              Hex/Fire       0%         N/A       78%         3
 Spider Form              Tmut/Pois      0%         N/A       78%         3
 Anguish                  Hex/Necr       0%         N/A       99%         4
 Dispel Undead            Necr           0%         3d6       99%         4
 Flame Wave               Conj/Fire      0%         2d4       99%         4
 Death Channel            Necr           0%         N/A       100%        6


Dungeon Overview and Level Annotations

Branches:
Dungeon (3/15)

Altars:
Ru

Shops:
D:1 *


Innate Abilities, Weirdness & Mutations

You are small and have problems with some larger weapons.
You are completely attuned to the shadows.


Message History

The orc is moderately wounded.
The orc hits you but does no damage.
You hit the orc.
The orc is almost dead.
The orc hits you with a +0 mace. The orc hits you but does no damage.
You hit the orc.
You kill the orc!
The orc misses you.
You hit the orc but do no damage. The orc barely misses you.
You closely miss the orc. The orc closely misses you.
You closely miss the orc. The orc barely misses you. The orc misses you.
You hit the orc.
The orc is lightly wounded.
The orc closely misses you.
You hit the orc.
The orc is heavily wounded.
The orc hits you with a +0 war axe!
You closely miss the orc.
The orc is heavily wounded.
The orc barely misses you.
You hit the orc.
The orc is heavily wounded.
The orc hits you but does no damage.
You hit the orc.
The orc is severely wounded.
The orc hits you with a +0 war axe.
You hit the orc but do no damage.
The orc is severely wounded.
The orc closely misses you.
You barely miss the orc.
The orc is severely wounded.
The orc closely misses you.
You hit the orc but do no damage.
The orc is severely wounded.
The orc hits you with a +0 war axe!
* * * LOW HITPOINT WARNING * * *
a - a +1 hand crossbow (weapon)
An adder comes into view.
The orc hits you with a +0 war axe.
You die...

..###.#.# .........
##.#....#...
).....##....##...##
##.#..##........... ...#
............###..# ###..#
##.##.......S....###.#..#
##..............o#......##
.####....#.....#@#....<..#
.####....#.....#)......#.#
.....).........#.#.#.#.#.#
.................#.#.#.#.#
.####.#..................#
.# ##.#..#...............#
.. ......#.....#.#..##.###
#######.##.....#.#..##.#
.<.................###.#


You could see an adder (wandering) and an orc.

Vanquished Creatures
  An orc wizard (D:3)
  2 adders (D:2)
  An orc (D:3)
  6 bats
  5 endoplasms (D:1)
  A giant cockroach (D:1)
  2 goblins
  7 hobgoblins
  4 jackals (D:1)
  A ball python (D:3)
  A frilled lizard (D:1)
  3 kobolds
  A rat (D:2)
35 creatures vanquished.

Notes
Turn   | Place    | Note
-------+----------+-------------------------------------------
     0 | D:1      | Host24 the Kobold Hunter began the quest for the Orb.
     0 | D:1      | Reached XP level 1. HP: 12/12 MP: 1/1
    35 | D:1      | Reached skill level 5 in Crossbows
   130 | D:1      | Reached XP level 2. HP: 12/18 MP: 2/2
   783 | D:1      | Reached XP level 3. HP: 13/23 MP: 3/3
  1266 | D:1      | Found a faded altar of an unknown god.
  1293 | D:1      | Found Muorchiegg's Assorted Antiques.
  1298 | D:1      | Bought a scroll labelled QIGHUD WORADYI for 20 gold pieces
  1658 | D:2      | Found a sacrificial altar of Ru.
  2355 | D:2      | Reached XP level 4. HP: 15/28 MP: 4/4
  3393 | D:3      | Reached skill level 6 in Crossbows
  3426 | D:3      | Slain by an orc

Illustrated notes

Levels and vault maps discovered:
D:1:      dpeg_arrival_simpleton_a, layout_rooms, ebering_ecumenical_altar_webs,
          serial_shops, nicolae_lakefront_shop, kennysheep_small_spiral,
          minmay_liquid_box, minmay_tromino_mix6
D:2:      layout_basic, basic_altar, amcnicky_mini_pool_small,
          hangedman_decor_slide_cut
D:3:      layout_basic

Skill      XL: |  1  2  3  4 |
---------------+-------------+-----
Crossbows      | 5 6 |  6.3
Fighting       | 3 |  3.0
Dodging        | 3 |  3.0
Stealth        | |  1.3

Action                   |  1- 3 |  4- 6 || total
-------------------------+-------+-------++-------
Melee: Short sword       |   107 |    25 ||   132
 Fire: Hand crossbow     |     9 |     5 ||    14
 Stab: Sleeping          |    14 |     2 ||    16
Armor: Leather armour    |    32 |     5 ||    37
Dodge: Dodged            |   101 |    17 ||   118
